 Dungeon Crawl Stone Soup version 0.31-a0-166-g46f44d267d (webtiles) character file.

Game seed: 12431874337842998791

269551 MacCMillion the Gnoll Aeon (level 20, -24/159 HPs)
             Began as a Gnoll Ice Elementalist on June 11, 2023.
             Was the Champion of Cheibriados.
             Annihilated by a dire elephant (27 damage)
             ... on level 1 of the Vaults on June 14, 2023.
             The game lasted 02:46:08 (49432 turns).

MacCMillion the Gnoll Aeon (GnIE)                  Turns: 49432, Time: 02:46:08

Health: -24/159    AC: 24    Str: 23    XL:     20   Next: 18%
Magic:  2/47       EV: 26    Int: 41    God:    Cheibriados [******]
Gold:   1226       SH:  0    Dex: 29    Spells: 1/48 levels left

rFire   . . .        t - +8 triple sword of Yruq {vamp, rPois rF- Int+4}
rCold   + . .        (shield currently unavailable)
rNeg    . . .        Q - +4 ring mail {Will+}
rPois   +            W - +2 helmet {SInv}
rElec   .            s - +2 cloak of Eckux {*Corrode rPois MP+9 Slay+5}
rCorr   +            O - +1 pair of gloves of Xodduv {rCorr}
SInv    +            R - +1 pair of boots
Will    +++..        P - amulet of regeneration
Stlth   ++++++       m - ring of willpower
HPRegen 1.26/turn    C - ring of protection from cold
MPRegen 0.30/turn

%: corrode self (3%)
@: very slightly contaminated, studying Throwing, very slow
A: fangs 1, strong nose, distributed training, fire resistance 1
}: 2/15 runes: decaying, serpentine
a: Renounce Religion, Bend Time, Temporal Distortion, Slouch, Step From Time


You were on level 1 of the Vaults.
You worshipped Cheibriados.
Cheibriados was exalted by your worship.
You visited 8 branches of the dungeon, and saw 35 of its levels.
You also visited: Ossuary, Ice Cave and Desolation.

You collected 4243 gold pieces.
You spent 3017 gold pieces at shops.

Inventory:

Hand Weapons
 t - the +8 triple sword of Yruq (weapon) {vamp, rPois rF- Int+4}
   (You bought it in a shop on level 2 of the Orcish Mines)

   Int:       It affects your intelligence (+4).
   rF:        It makes you vulnerable to fire.
   rPois:     It protects you from poison.
 u - the +3 greatsling "Punk" {acid, rCorr}
   (You bought it in a shop on level 13 of the Dungeon)

   rCorr:     It protects you from acid and corrosion.
Armour
 a - the +4 robe of the Pleiades {rF+ Will+}
   (You found it on level 2 of the Orcish Mines)

   rF:        It protects you from fire.
   Will:      It increases your willpower.
 s - the +2 cloak of Eckux (worn) {*Corrode rPois MP+9 Slay+5}
   (You bought it in a shop on level 1 of the Snake Pit)

   Slay:      It affects your accuracy & damage with ranged weapons and melee
   (+5).
   rPois:     It protects you from poison.
   MP:        It affects your magic capacity (+9).
   *Corrode:  It may corrode you when you take damage.
 I - a +0 kite shield of poison resistance
 O - the +1 pair of gloves of Xodduv (worn) {rCorr}
   (You found it on level 4 of the Dungeon)

   rCorr:     It protects you from acid and corrosion.
 Q - a +4 ring mail of willpower (worn)
 R - a +1 pair of boots (worn)
 W - a +2 helmet of see invisible (worn)
Jewellery
 k - a ring of wizardry
 m - a ring of willpower (left hand)
 q - a ring of poison resistance
 v - a ring of flight
 C - a ring of protection from cold (right hand)
 N - a +4 ring of protection
 P - an amulet of regeneration (around neck)
 V - a ring of ice
 Z - the ring "Olliatad" {Fire Str+4}
   (You took it off a deep elf annihilator on level 3 of the Elven Halls)

   [ring of fire]

   It enhances your fire magic.
   Str:       It affects your strength (+4).
   rF:        It protects you from fire.
   rC:        It makes you vulnerable to cold.
Wands
 D - a wand of iceblast (31)
 J - a wand of digging (14)
 K - a wand of paralysis (42)
 M - a wand of polymorph (18)
 T - a wand of mindburst (11)
Scrolls
 e - a scroll of summoning
 f - a scroll of blinking
 i - 7 scrolls of immolation
 j - 4 scrolls of vulnerability
 o - 11 scrolls of identify
 r - 9 scrolls of poison
 y - 6 scrolls of fear
 E - 4 scrolls of amnesia
 F - a scroll of silence
 L - 7 scrolls of teleportation
 S - a scroll of revelation
 U - 3 scrolls of fog
Potions
 b - 3 potions of magic
 d - 5 potions of enlightenment
 g - 4 potions of ambrosia
 l - 4 potions of resistance
 n - 9 potions of heal wounds
 p - 3 potions of mutation
 x - 5 potions of brilliance
 z - 4 potions of lignification
 A - 3 potions of berserk rage
 B - 7 potions of curing
 G - 4 potions of cancellation
 H - 4 potions of attraction
 X - 2 potions of invisibility
 Y - 2 potions of might
Miscellaneous
 c - a condenser vane
 h - a phial of floods
 w - a lightning rod (4/4)


   Skills:
 + Level 14.0 Fighting
 + Level 14.0 Short Blades
 + Level 14.0 Long Blades
 + Level 14.0 Axes
 + Level 14.0 Maces & Flails
 + Level 14.0 Polearms
 + Level 14.0 Staves
 + Level 14.0 Ranged Weapons
 + Level 14.7 Throwing
 + Level 14.0 Armour
 + Level 14.7 Dodging
 + Level 14.6 Stealth
 + Level 14.0 Shields
 + Level 14.0 Unarmed Combat
 + Level 14.8 Spellcasting
 + Level 11.9 Conjurations
 + Level 11.9 Hexes
 + Level 11.9 Summonings
 + Level 11.9 Necromancy
 + Level 11.9 Translocations
 + Level 11.9 Transmutations
 + Level 11.9 Fire Magic
 + Level 13.7 Ice Magic
 + Level 11.9 Air Magic
 + Level 11.9 Earth Magic
 + Level 11.9 Poison Magic
 + Level 15.2 Invocations
 + Level 14.0 Evocations


You had one spell level left.
You knew the following spells:

 Your Spells              Type           Power      Damage    Failure   Level
a - Tukima's Dance        Hex            91%        N/A       1%          3
b - Olgreb's Toxic Radia  Pois           91%        N/A       1%          4
c - Ozocubu's Armour      Ice            97%        N/A       0%          3
d - Manifold Assault      Tloc           91%        N/A       1%          4
e - Mephitic Cloud        Conj/Pois/Air  91%        N/A       1%          3
f - Statue Form           Tmut/Erth      60%        N/A       1%          6
g - Vhi's Electric Charg  Tloc/Air       100%       N/A       1%          3
h - Irradiate             Conj/Tmut      45%        3d26      1%          5
i - Yara's Violent Unrav  Hex/Tmut       45%        3d18      1%          5
j - Passage of Golubria   Tloc           91%        N/A       1%          4
k - Malign Gateway        Summ/Tloc      45%        N/A       9%          7

Your spell library contained the following spells:

 Spells                   Type           Power      Damage    Failure   Level
 Freeze                   Ice            100%       1d10      0%          1
 Kiss of Death            Conj/Necr      100%       2d13      0%          1
 Ensorcelled Hibernation  Hex/Ice        100%       N/A       0%          2
 Lesser Beckoning         Tloc           100%       N/A       0%          2
 Passwall                 Tmut/Erth      75%        N/A       0%          2
 Poisonous Vapours        Pois/Air       100%       N/A       0%          2
 Static Discharge         Conj/Air       100%       2-7/arc   0%          2
 Sublimation of Blood     Necr           91%        N/A       0%          2
 Frozen Ramparts          Ice            100%       1d16      0%          3
 Call Canine Familiar     Summ           91%        N/A       1%          3
 Confusing Touch          Hex            91%        N/A       1%          3
 Dazzling Flash           Conj/Hex       100%       N/A       1%          3
 Gell's Gravitas          Tloc           91%        N/A       1%          3
 Hailstorm                Conj/Ice       94%        3d19      1%          3
 Ignite Poison            Fire/Tmut/Pois 91%        N/A       1%          3
 Portal Projectile        Hex/Tloc       100%       N/A       1%          3
 Swiftness                Air            91%        N/A       1%          3
 Teleport Other           Tloc           91%        N/A       1%          3
 Airstrike                Air            45%        2d(7-23)  1%          4
 Cause Fear               Hex            45%        N/A       1%          4
 Dispel Undead            Necr           91%        3d29      1%          4
 Flame Wave               Conj/Fire      91%        2d19      1%          4
 Ice Form                 Ice/Tmut       94%        N/A       1%          4
 Leda's Liquefaction      Hex/Erth       45%        N/A       1%          4
 Petrify                  Tmut/Erth      91%        N/A       1%          4
 Sticky Flame             Conj/Fire      91%        2d10      1%          4
 Summon Ice Beast         Ice/Summ       94%        N/A       1%          4
 Summon Lightning Spire   Summ/Air       91%        N/A       1%          4
 Agony                    Necr           91%        N/A       1%          5
 Arcjolt                  Conj/Air       45%        1d55      1%          5
 Blade Hands              Tmut           45%        N/A       1%          5
 Metabolic Englaciation   Hex/Ice        47%        N/A       1%          5
 Silence                  Hex/Air        45%        N/A       1%          5
 Summon Mana Viper        Hex/Summ       91%        N/A       1%          5
 Conjure Ball Lightning   Conj/Air       45%        3x3d16    1%          6
 Simulacrum               Ice/Necr       47%        N/A       1%          6
 Starburst                Conj/Fire      45%        6d13      1%          6
 Dragon Form              Tmut           45%        N/A       9%          7
 Monstrous Menagerie      Summ           45%        N/A       9%          7
 Orb of Destruction       Conj           45%        9d12      9%          7
 Storm Form               Tmut/Air       45%        N/A       9%          7
 Discord                  Hex            45%        N/A       56%         8
 Disjunction              Tloc           45%        N/A       56%         8
 Ignition                 Fire           45%        3d13      56%         8
 Lehudib's Crystal Spear  Conj/Erth      45%        10d11     56%         8
 Maxwell's Capacitive Co  Air            45%        ∞         56%         8
 Summon Horrible Things   Summ           45%        N/A       56%         8
 Chain Lightning          Conj/Air       45%        3d60      100%        9
 Dragon's Call            Summ           45%        N/A       100%        9
 Fire Storm               Conj/Fire      45%        8d12      100%        9
 Shatter                  Erth           45%        3d35*     100%        9


Dungeon Overview and Level Annotations

Branches:
Dungeon (15/15)            Temple (1/1) D:6            Lair (5/5) D:10
  Swamp (4/4) Lair:2        Snake (4/4) Lair:2        Slime (0/5) Lair:4
    Orc (2/2) D:9             Elf (3/3) Orc:2        Vaults (1/5) D:13
 Depths (0/4) D:15        Ossuary (visited)           IceCv (visited)
Desolation (visited)

Altars:
Ashenzari
Cheibriados
Dithmenos
Elyvilon
Fedhas
Gozag
Hepliaklqana
Kikubaaqudgha
Makhleb
Nemelex Xobeh
Okawaru
Qazlal
Ru
Sif Muna
Trog
Uskayaw
Vehumet
Wu Jian
Xom
Yredelemnul
Zin
The Shining One
Jiyva

Shops:
D:5 [   D:13 [(?!   Orc:1 =   Orc:2 ((*   Elf:3 !   Snake:1 [   Snake:2 ([

Portals:
Abyss: Swamp:1
Bazaar: Vaults:1

Annotations:
D:3 Grinder
Lair:5 2 runed translucent doors
Swamp:1 2 transporters, paps's ghost, journeyman DESu
Snake:1 3 runed translucent doors, Jano's ghost, adept DsEE; Roxanne
Elf:2 3 runed translucent doors


Innate Abilities, Weirdness & Mutations

You have very sharp teeth.
Your uncanny sense of smell can sniff out nearby items.
Your experience applies equally to all skills.
Your flesh is heat resistant. (rF+)


Message History

You slice the dire elephant!!
You chop the dire elephant into pieces!!!
You feel sick.
You are no longer poisoned.
The vault warden completely misses you. The dire elephant misses you.
The dire elephant completely misses you.
The dire elephant tramples you but does no damage.
The dire elephant trunk-slaps you but does no damage.
You slice the dire elephant!!
The dire elephant is heavily wounded.
The dire elephant tramples you!
* * * LOW HITPOINT WARNING * * *
You stumble backwards!
Electricity crackles from the ironbound thunderhulk's apparatus.
The bolt of lightning misses you. The vault warden closely misses you.
You closely miss the vault warden. Your bite misses the vault warden.
The vault warden is heavily wounded.
The vault warden activates a sealing rune.
Electricity crackles from the ironbound thunderhulk's apparatus.
The bolt of lightning hits you!!
* * * LOW HITPOINT WARNING * * *
The dire elephant completely misses you.
The dire elephant trunk-slaps you.
* * * LOW HITPOINT WARNING * * *
You cut the vault warden into ribbons!!!
You feel better.
You kill the vault warden!
Cheibriados thoroughly appreciates the change of pace.
The runic seals fade away.
The dire elephant tramples you!!
* * * LOW HITPOINT WARNING * * *
You stumble backwards!
Strange energies crackle from the ironbound thunderhulk's apparatus.
The ironbound thunderhulk blinks!
The yaktaur shoots a bolt.
The bolt completely misses you. The dire elephant tramples you!!
* * * LOW HITPOINT WARNING * * *
You hold your ground!
The dire elephant trunk-slaps you but does no damage.
The dire elephant tramples you!!
You die...

###+####+########'#####
#............^).......#
#..........[..).......#
#..$..................#
#.......O..........[..#
+......§..########....#
#.....c...# #....#
#)...Y....# ....#
#....Y@†..# ....#
+)...Y....# #.........#
#.........# #......)..#
#......)..).
#.....∩......
#.............
#.............


You could see 3 dire elephants, an ironbound thunderhulk and a yaktaur.

Vanquished Creatures
  Nikola (Snake:1)
  2 quicksilver dragons (Snake:4)
  2 deep elf blademasters (Elf:3)
  2 deep elf master archers (Elf:3)
  2 thorn hunters (Swamp:4)
  Kirke (D:15)
  2 nagarajas (Snake:4)
  A fenstrider witch (Swamp:3)
  The ghost of anet the Cleaver, a journeyman MiBe of Trog (Orc:2)
  A vault warden (Vaults:1)
  Aizul (Vaults:1)
  The ghost of Hazipsom the Brawler, a journeyman DrMo of Yredelemnul (Orc:1)
  3 deep elf elementalists (Elf:3)
  2 deep elf sorcerers (Elf:3)
  5 ghouls
  An orc warlord (Vaults:1)
  3 deep elf demonologists (Elf:3)
  11 deep elf annihilators
  An eleionoma (Swamp:2)
  An ironbound thunderhulk (Vaults:1)
  2 bunyips
  A minotaur (Orc:2)
  3 deep elf high priests
  Snorg (Lair:5)
  2 shambling mangroves (Swamp:4)
  5 deep elf death magi
  Josephine (D:15)
  A yaktaur captain (D:13)
  2 peacekeepers
  Fannar (Lair:2)
  A catoblepas (Lair:3)
  19 hydras
  A servant of whispers (Desolation)
  3 ghost crabs
  15 alligators
  Erica (Lair:1)
  A radroach (shapeshifter) (Elf:3)
  7 two-headed ogres
  The ghost of Runu the Arsonist, a journeyman GrFE of Gozag (Orc:1)
  3 anacondas
  5 boulder beetles
  20 dancing weapons
  10 naga warriors
  2 tengu warriors (Orc:2)
  3 centaur warriors
  An orc high priest (Orc:2)
  4 shock serpents
  A spriggan berserker (Swamp:3)
  15 deep elf knights
  9 naga sharpshooters
  4 spriggan druids
  6 goliath frogs
  10 swamp dragons
  2 naga ritualists
  15 deep elf archers
  A wizard (D:15)
  7 bog bodies
  17 orc knights
  An ironbound convoker (Vaults:1)
  A lindwurm (Lair:3)
  A necromancer (D:15)
  25 deep elf pyromancers
  22 deep elf zephyrmancers
  8 ugly things
  8 orc sorcerers
  2 moths of wrath (Swamp:4)
  5 cyclopes
  8 salamanders
  5 will-o-the-wisps
  3 mana vipers
  16 elephants
  24 black mambas
  A vault sentinel (Vaults:1)
  A manticore (D:15)
  Joseph (D:7)
  3 guardian serpents
  3 molten gargoyles (Lair:5)
  18 naga magi
  2 gargoyles (D:11)
  8 spectral spriggans (Swamp:2)
  5 cane toads
  A centaur skeleton (D:15)
  16 komodo dragons
  2 unseen horrors (D:12)
  14 yaktaurs
  3 rime drakes
  2 tengu conjurers (D:15)
  3 freezing wraiths
  10 trolls
  5 bloated husks
  6 tyrant leeches
  3 polar bears
  16 hornets
  23 saltlings
  6 blink frogs
  7 dream sheep (Lair:5)
  7 air elementals
  25 slime creatures
  5 shadows
  6 wraiths
  4 wyverns
  11 spriggans
  2 fire bats (Lair:5)
  2 water elementals (Elf:2)
  Eustachio (D:4)
  A fire elemental (Elf:1)
  3 hogs (D:15)
  3 steam dragons
  68 yaks
  4 basilisks
  16 vampire mosquitoes
  17 swamp worms
  6 wargs
  24 nagas
  Edmund (D:4)
  3 acid dragons
  4 hell hounds (Lair:5)
  11 water moccasins
  3 ice beasts
  8 swamp drakes
  A sky beast (D:5)
  27 orc warriors
  3 black bears
  14 centaurs
  10 ogres
  2 kobold brigands
  A bullfrog (shapeshifter) (Elf:1)
  A necrophage (Swamp:3)
  A gnoll sergeant (D:9)
  3 scorpions
  3 water moccasin zombies (Ossuary)
  2 earth elementals (Elf:1)
  8 bullfrogs
  A wight (Ossuary)
  8 killer bees
  An electric eel (Elf:3)
  6 howler monkeys
  4 lava snakes (Lair:5)
  A bullfrog zombie (Ossuary)
  6 centaur zombies
  A jelly (D:8)
  A quasit (D:7)
  A human zombie (Ossuary)
  A komodo dragon simulacrum (IceCv)
  5 hounds
  Crazy Yiuf (D:4)
  17 orc priests
  A boggart zombie (D:15)
  21 orc wizards
  An iguana (D:6)
  A mummy (D:4)
  Robin (D:4)
  10 gnolls
  6 adders
  A shadow imp (D:7)
  4 white imps
  4 ufetubi
  2 adder zombies (Ossuary)
  4 worms
  84 orcs
  5 endoplasms
  3 giant cockroaches
  7 gnoll zombies (Ossuary)
  12 hobgoblins
  2 jackals (D:1)
  3 quokkas
  3 ball pythons
  4 bats
  4 frilled lizards
  21 goblins
  7 goblin zombies (Ossuary)
  2 hobgoblin zombies (Ossuary)
  14 kobolds
  An orc zombie (Ossuary)
  4 rats
1132 creatures vanquished.

Vanquished Creatures (collateral kills)
  Gastronok (Lair:2)
  A deep elf sorcerer (Elf:3)
  Erolcha (D:9)
  A hydra (Lair:3)
  A boulder beetle (D:11)
  A naga warrior (Snake:2)
  4 naga sharpshooters
  A salamander mystic (Snake:2)
  A lindwurm (Lair:5)
  A deep elf pyromancer (Elf:3)
  2 deep elf zephyrmancers
  An oklob plant (D:10)
  A naga mage (Snake:2)
  A cane toad (Lair:2)
  A slime creature (D:14)
  A yak (Lair:1)
  A fire bat (Lair:5)
  A basilisk (Lair:5)
  2 nagas
  A water moccasin (Lair:5)
  A bullfrog (Lair:1)
  A lava snake (Lair:5)
27 creatures vanquished.

Vanquished Creatures (others)
  2 eldritch tentacles (Elf:3)
  Donald (Swamp:3)
  An alligator (Swamp:3)
  A goliath frog (Swamp:1)
  A deep elf zephyrmancer (Elf:2)
  A black mamba (Snake:4)
  A bloated husk (Swamp:3)
  A hornet (Swamp:2)
  12 dancing weapons
  A spriggan (Swamp:4)
  A human (D:15)
  An earth elemental (Elf:3)
  An orc wizard (D:10)
  10 foxfires
35 creatures vanquished.

Grand Total: 1194 creatures vanquished

Notes
Turn   | Place    | Note
-------+----------+-------------------------------------------
     0 | D:1      | MacCMillion the Gnoll Ice Elementalist began the quest for
                  | the Orb.
     0 | D:1      | Reached XP level 1. HP: 13/13 MP: 6/6
   209 | D:1      | Reached XP level 2. HP: 16/19 MP: 4/7
   889 | D:2      | Found an ornate altar of the Wu Jian Council.
  1082 | D:2      | Reached skill level 5 in Spellcasting
  1082 | D:2      | Reached XP level 3. HP: 23/25 MP: 6/9
  1086 | D:2      | Learned a level 3 spell: Frozen Ramparts
  1090 | D:2      | Learned a level 3 spell: Ozocubu's Armour
  1145 | D:2      | Upgraded the game from 0.31-a0-152-g6aa68a64a1 to
                  | 0.31-a0-166-g46f44d267d
  1233 | D:2      | Reached skill level 1 in Invocations
  1467 | D:2      | Reached skill level 1 in Fighting
  1467 | D:2      | Reached skill level 1 in Short Blades
  1467 | D:2      | Reached skill level 1 in Long Blades
  1467 | D:2      | Reached skill level 1 in Axes
  1467 | D:2      | Reached skill level 1 in Maces & Flails
  1467 | D:2      | Reached skill level 1 in Polearms
  1467 | D:2      | Reached skill level 1 in Staves
  1467 | D:2      | Reached skill level 1 in Ranged Weapons
  1467 | D:2      | Reached skill level 1 in Throwing
  1467 | D:2      | Reached skill level 1 in Armour
  1467 | D:2      | Reached skill level 1 in Shields
  1467 | D:2      | Reached skill level 1 in Unarmed Combat
  1467 | D:2      | Reached skill level 1 in Evocations
  1533 | D:2      | Reached XP level 4. HP: 32/32 MP: 3/11
  1536 | D:2      | Reached skill level 1 in Conjurations
  1536 | D:2      | Reached skill level 1 in Hexes
  1536 | D:2      | Reached skill level 1 in Summonings
  1536 | D:2      | Reached skill level 1 in Necromancy
  1536 | D:2      | Reached skill level 1 in Translocations
  1536 | D:2      | Reached skill level 1 in Transmutations
  1536 | D:2      | Reached skill level 1 in Fire Magic
  1536 | D:2      | Reached skill level 1 in Air Magic
  1536 | D:2      | Reached skill level 1 in Earth Magic
  1536 | D:2      | Reached skill level 1 in Poison Magic
  2057 | D:3      | Reached XP level 5. HP: 37/37 MP: 2/12
  2199 | D:3      | Identified the +1 robe of Vethrysm {rF+ rCorr Str+2}
  2578 | D:3      | Noticed Grinder
  2663 | D:3      | Reached skill level 2 in Invocations
  3092 | D:3      | Reached XP level 6. HP: 44/44 MP: 8/14
  3642 | D:4      | Noticed Robin
  3643 | D:4      | Noticed Edmund
  3655 | D:4      | Reached skill level 5 in Dodging
  3658 | D:4      | Killed Robin
  3788 | D:4      | Found a sand-covered staircase.
  3807 | D:4      | Killed Edmund
  3939 | Ossuary  | Entered an ossuary
  4056 | Ossuary  | Reached XP level 7. HP: 45/50 MP: 12/15
  4078 | Ossuary  | Learned a level 4 spell: Summon Ice Beast
  4410 | Ossuary  | Reached skill level 5 in Stealth
  4568 | Ossuary  | Reached skill level 3 in Invocations
  4827 | Ossuary  | Noticed a silent spectre
  4949 | D:4      | Found a shimmering blue altar of Sif Muna.
  5016 | D:4      | Reached XP level 8. HP: 58/58 MP: 10/16
  5213 | D:4      | Found a burning altar of Makhleb.
  5219 | D:4      | Noticed Eustachio
  5229 | D:4      | Killed Eustachio
  5371 | D:4      | Found a runed translucent door.
  5372 | D:4      | Noticed Crazy Yiuf
  5706 | D:5      | Entered Level 5 of the Dungeon
  5969 | D:5      | Reached skill level 4 in Invocations
  6123 | D:5      | Found Acsuwat's Armour Boutique.
  6678 | D:5      | Reached XP level 9. HP: 65/65 MP: 10/18
  7349 | D:6      | Found a broken altar of Ashenzari.
  8172 | D:6      | Found a staircase to the Ecumenical Temple.
  8181 | Temple   | Entered the Ecumenical Temple
  8577 | D:6      | Found a hazy altar of Hepliaklqana.
  8652 | D:6      | Identified the +0 robe "Vaebut" {Int+4}
  8956 | D:7      | Reached skill level 5 in Invocations
  9259 | D:7      | Noticed Joseph
  9285 | D:7      | HP: 3/66 [Joseph/+1 spectral quarterstaff (9)]
  9286 | D:7      | Killed Joseph
  9287 | D:7      | Reached skill level 5 in Fighting
  9287 | D:7      | Reached skill level 5 in Short Blades
  9287 | D:7      | Reached skill level 5 in Long Blades
  9287 | D:7      | Reached skill level 5 in Axes
  9287 | D:7      | Reached skill level 5 in Maces & Flails
  9287 | D:7      | Reached skill level 5 in Polearms
  9287 | D:7      | Reached skill level 5 in Staves
  9287 | D:7      | Reached skill level 5 in Ranged Weapons
  9287 | D:7      | Reached skill level 5 in Throwing
  9287 | D:7      | Reached skill level 5 in Armour
  9287 | D:7      | Reached skill level 5 in Shields
  9287 | D:7      | Reached skill level 5 in Unarmed Combat
  9287 | D:7      | Reached skill level 5 in Evocations
  9287 | D:7      | Reached XP level 10. HP: 3/74 MP: 7/20
 10314 | D:7      | Found a snail-covered altar of Cheibriados.
 10639 | D:7      | Became a worshipper of Cheibriados the Contemplative
 11044 | D:8      | Reached skill level 6 in Invocations
 11048 | D:8      | Reached * piety under Cheibriados
 11197 | D:8      | Got Zesuky Foipn's Parchment of the Birds
 11216 | D:8      | You fall into a shaft and drop 3 floors!
 11218 | D:11     | Noticed a cyan ugly thing
 11223 | D:11     | Noticed a boulder beetle
 11255 | D:11     | Noticed a boulder beetle
 11336 | D:10     | Entered Level 10 of the Dungeon
 11387 | D:10     | Found a glowing golden altar of the Shining One.
 11412 | D:9      | Noticed Erolcha
 11890 | D:8      | Found a bloodstained altar of Trog.
 12402 | D:4      | Identified the +1 pair of gloves of Xodduv {rCorr}
 12420 | D:4      | Found an iron altar of Okawaru.
 12514 | D:4      | Killed Crazy Yiuf
 12894 | D:9      | Reached ** piety under Cheibriados
 13508 | D:9      | Found a white marble altar of Elyvilon.
 13554 | D:9      | Reached skill level 5 in Conjurations
 13554 | D:9      | Reached skill level 5 in Hexes
 13554 | D:9      | Reached skill level 5 in Summonings
 13554 | D:9      | Reached skill level 5 in Necromancy
 13554 | D:9      | Reached skill level 5 in Translocations
 13554 | D:9      | Reached skill level 5 in Transmutations
 13554 | D:9      | Reached skill level 5 in Fire Magic
 13554 | D:9      | Reached skill level 5 in Air Magic
 13554 | D:9      | Reached skill level 5 in Earth Magic
 13554 | D:9      | Reached skill level 5 in Poison Magic
 13558 | D:9      | Reached XP level 11. HP: 81/81 MP: 15/22
 13570 | D:9      | Learned a level 3 spell: Mephitic Cloud
 14267 | D:10     | Found a staircase to the Lair.
 14275 | D:10     | Noticed an oklob plant
 14284 | D:10     | Killed an oklob plant
 14732 | D:10     | Reached *** piety under Cheibriados
 14909 | D:11     | Noticed a cyclops
 14919 | D:11     | Killed a cyclops
 14986 | D:11     | Killed a boulder beetle
 14987 | D:11     | Reached skill level 7 in Invocations
 15081 | D:11     | Killed a boulder beetle
 15385 | D:11     | Killed a cyan ugly thing
 15484 | D:11     | Noticed a two-headed ogre
 15494 | D:11     | Noticed a boulder beetle
 15522 | D:11     | Killed a boulder beetle
 15954 | Lair:1   | Entered Level 1 of the Lair of Beasts
 15954 | Lair:1   | Noticed Erica
 16088 | Lair:1   | Reached **** piety under Cheibriados
 16099 | Lair:1   | Reached XP level 12. HP: 85/91 MP: 10/24
 16140 | Lair:1   | Killed Erica
 16141 | Lair:1   | Reached skill level 8 in Invocations
 16391 | Lair:1   | Found a frozen archway.
 16432 | IceCv    | Entered an ice cave
 17133 | Lair:1   | Noticed a boulder beetle
 17220 | Lair:1   | Killed a boulder beetle
 17262 | Lair:1   | Learned a level 4 spell: Olgreb's Toxic Radiance
 17278 | Lair:2   | Noticed Fannar
 17336 | Lair:2   | Killed Fannar
 17428 | Lair:2   | Noticed a six-headed hydra
 17457 | Lair:2   | Killed a six-headed hydra
 17539 | Lair:2   | Noticed Gastronok
 17559 | Lair:2   | Killed Gastronok
 17746 | Lair:2   | Found a staircase to the Snake Pit.
 17788 | Lair:2   | Reached XP level 13. HP: 98/98 MP: 9/26
 17916 | Lair:2   | Reached ***** piety under Cheibriados
 18351 | Lair:2   | Found a staircase to the Swamp.
 18673 | Lair:3   | Reached skill level 9 in Invocations
 18905 | Lair:3   | Reached skill level 10 in Ice Magic
 19945 | Lair:3   | Learned a level 3 spell: Vhi's Electric Charge
 19951 | Lair:3   | Learned a level 5 spell: Irradiate
 20227 | Lair:4   | Found a viscous altar of Jiyva.
 20273 | Lair:4   | Found a staircase to the Slime Pits.
 20281 | Lair:4   | Reached skill level 10 in Spellcasting
 20306 | Lair:4   | Identified the +7 whip "Mengic" {heavy, rPois Will+}
 20424 | Lair:4   | Identified the ring of Tawuasm {rC++ Will- Str+5 SInv}
 21076 | Lair:4   | Reached skill level 10 in Dodging
 21258 | Lair:5   | Entered Level 5 of the Lair of Beasts
 21536 | Lair:5   | Reached skill level 10 in Stealth
 21775 | Lair:5   | Reached skill level 10 in Invocations
 21775 | Lair:5   | Reached XP level 14. HP: 79/108 MP: 14/28
 21871 | Lair:5   | Reached ****** piety under Cheibriados
 22152 | Lair:5   | Noticed Snorg
 22165 | Lair:5   | Killed Snorg
 22833 | Lair:5   | Found a large runed translucent door.
 22834 | Lair:5   | Found a large runed translucent door.
 23364 | D:9      | Killed Erolcha
 23876 | D:9      | Found a staircase to the Orcish Mines.
 24120 | Orc:1    | Entered Level 1 of the Orcish Mines
 24343 | Orc:1    | Found Urefal's Jewellery Emporium.
 24354 | Orc:1    | Found a runed translucent gate.
 24354 | Orc:1    | Found a runed translucent gate.
 24354 | Orc:1    | Found a runed translucent gate.
 24355 | Orc:1    | Noticed Hazipsom's ghost (journeyman DrMo)
 24356 | Orc:1    | Noticed Runu's ghost (journeyman GrFE)
 24734 | Orc:2    | Entered Level 2 of the Orcish Mines
 25182 | Orc:2    | Found a runed translucent gate.
 25182 | Orc:2    | Found a runed translucent gate.
 25182 | Orc:2    | Found a runed translucent gate.
 25182 | Orc:2    | Noticed anet's ghost (journeyman MiBe)
 25183 | Orc:2    | Found an iron altar of Okawaru.
 25317 | Orc:2    | Found a staircase to the Elven Halls.
 25550 | Orc:2    | Found Fosejenu's Jewellery Shoppe.
 25562 | Orc:2    | Reached skill level 10 in Fighting
 25562 | Orc:2    | Reached skill level 10 in Short Blades
 25562 | Orc:2    | Reached skill level 10 in Long Blades
 25562 | Orc:2    | Reached skill level 10 in Axes
 25562 | Orc:2    | Reached skill level 10 in Maces & Flails
 25562 | Orc:2    | Reached skill level 10 in Polearms
 25562 | Orc:2    | Reached skill level 10 in Staves
 25562 | Orc:2    | Reached skill level 10 in Ranged Weapons
 25562 | Orc:2    | Reached skill level 10 in Throwing
 25562 | Orc:2    | Reached skill level 10 in Armour
 25562 | Orc:2    | Reached skill level 10 in Shields
 25562 | Orc:2    | Reached skill level 10 in Unarmed Combat
 25562 | Orc:2    | Reached skill level 10 in Evocations
 25624 | Orc:2    | Found Ywkih's Antique Weapon Shoppe.
 25677 | Orc:2    | Reached XP level 15. HP: 69/115 MP: 15/30
 25750 | Orc:2    | Found Minar's General Store.
 25756 | Orc:2    | Bought a scroll of fear for 72 gold pieces
 25783 | Orc:2    | Found Rettim's Weapon Shoppe.
 25794 | Orc:2    | Reached skill level 11 in Invocations
 26503 | Orc:2    | Bought a scorched flail for 331 gold pieces
 26503 | Orc:2    | Identified the +8 flail of Laiphov {venom, rF+ MP+9} (You
                  | bought it in a shop on level 2 of the Orcish Mines)
 26648 | Orc:1    | Killed Hazipsom's ghost
 26988 | Orc:1    | Killed Runu's ghost
 27083 | Orc:1    | Identified the +1 cloak of the Fifty Spines {rF- Dex+3}
 27689 | D:12     | Identified the +9 hand axe "Vinuw" {vamp, rElec rC+ Str+3
                  | Int-5}
 28412 | D:13     | Found Buot's Magic Scroll Shoppe.
 28418 | D:13     | Bought a scroll of identify for 30 gold pieces
 28418 | D:13     | Bought a scroll of identify for 30 gold pieces
 28418 | D:13     | Bought a scroll of identify for 30 gold pieces
 28421 | D:13     | Bought a scroll of identify for 30 gold pieces
 28458 | D:13     | Found Yvadoix's Antique Armour Shoppe.
 28472 | D:13     | Found Ruqun's Antique Weapon Boutique.
 28766 | D:13     | Found Cext's Distillery.
 28771 | D:13     | Bought a potion of might for 52 gold pieces
 28784 | D:13     | Found a gate to the Vaults.
 29179 | D:14     | HP: 2/117 [purple ugly thing (5)]
 29184 | D:14     | HP: 3/117 [poisoned by a green ugly thing]
 29729 | D:14     | Identified the +1 chain mail of Tevvu {Str+4 Dex+3}
 30765 | D:15     | Entered Level 15 of the Dungeon
 31069 | D:15     | Noticed Josephine
 31077 | D:15     | Killed Josephine
 31142 | D:15     | Noticed Kirke
 31152 | D:15     | Killed Kirke
 31579 | D:15     | Reached XP level 16. HP: 72/124 MP: 29/32
 31687 | D:15     | Found a staircase to the Depths.
 32378 | Orc:2    | Reached skill level 12 in Invocations
 32403 | Orc:2    | Killed anet's ghost
 32469 | Orc:2    | Identified the +4 robe of the Pleiades {rF+ Will+}
 32471 | Orc:2    | Identified the +10 orcbow of the Thieving Gods {speed,
                  | rElec rF+ Will+ Str-5}
 32621 | Snake:1  | Entered Level 1 of the Snake Pit
 32684 | Lair:2   | Learned a level 3 spell: Tukima's Dance
 32983 | D:13     | Bought the +3 greatsling "Punk" {acid, rCorr} for 1001 gold
                  | pieces
 32983 | D:13     | Found the +3 greatsling "Punk" {acid, rCorr}
 33658 | Snake:1  | Learned a level 5 spell: Yara's Violent Unravelling
 34201 | Snake:1  | Found Uqoopp's Antique Armour Shop.
 34210 | Snake:1  | Bought a pitted cloak for 285 gold pieces
 34210 | Snake:1  | Identified the +2 cloak of Eckux {*Corrode rPois MP+9
                  | Slay+5} (You bought it in a shop on level 1 of the Snake
                  | Pit)
 34295 | Snake:1  | Noticed Nikola
 34316 | Snake:1  | Killed Nikola
 34723 | Snake:1  | Found a runed translucent gate.
 34723 | Snake:1  | Found a runed translucent gate.
 34723 | Snake:1  | Found a runed translucent gate.
 34723 | Snake:1  | Noticed Jano's ghost (adept DsEE)
 34742 | Snake:1  | Found an ancient bone altar of Kikubaaqudgha.
 34807 | Snake:1  | Identified Roxanne's Incunable of the Crater
 34807 | Snake:1  | Noticed Roxanne
 35420 | Snake:2  | Found Sedutsig's Antique Armour Boutique.
 35489 | Snake:2  | Identified the +6 trident of a Billion Suns {drain, rC-
                  | rCorr MP+9}
 35773 | Snake:2  | Found Reiroiro's Weapon Shoppe.
 37378 | Snake:4  | Entered Level 4 of the Snake Pit
 37472 | Snake:4  | Reached XP level 17. HP: 125/133 MP: 30/33
 37950 | Snake:4  | Reached skill level 10 in Conjurations
 37950 | Snake:4  | Reached skill level 10 in Hexes
 37950 | Snake:4  | Reached skill level 10 in Summonings
 37950 | Snake:4  | Reached skill level 10 in Necromancy
 37950 | Snake:4  | Reached skill level 10 in Translocations
 37950 | Snake:4  | Reached skill level 10 in Transmutations
 37950 | Snake:4  | Reached skill level 10 in Fire Magic
 37950 | Snake:4  | Reached skill level 10 in Air Magic
 37950 | Snake:4  | Reached skill level 10 in Earth Magic
 37950 | Snake:4  | Reached skill level 10 in Poison Magic
 38240 | Snake:4  | Noticed a quicksilver dragon
 38252 | Snake:4  | Noticed a quicksilver dragon
 38255 | Snake:4  | Killed a quicksilver dragon
 38262 | Snake:4  | Killed a quicksilver dragon
 38263 | Snake:4  | Reached skill level 13 in Invocations
 38469 | Snake:4  | Got a serpentine rune of Zot
 39346 | Swamp:1  | Entered Level 1 of the Swamp
 39494 | Swamp:1  | Found a transporter.
 39499 | Swamp:1  | Noticed a profane servitor
 39636 | Swamp:1  | Found a transporter.
 39778 | Swamp:1  | Noticed a tentacled starspawn
 39823 | Swamp:1  | Noticed paps's ghost (journeyman DESu)
 39938 | Swamp:1  | Found a one-way gate to the infinite horrors of the Abyss.
 41594 | Swamp:3  | Reached XP level 18. HP: 141/141 MP: 35/35
 41600 | Swamp:3  | Identified the +8 rapier of Vachecze {freeze, Will+ Dex+4}
 41619 | Swamp:3  | Noticed Donald
 41627 | Swamp:3  | Gained mutation: You are occasionally teleported next to
                  | monsters. [you]
 41628 | Swamp:3  | Killed Donald
 41960 | Swamp:3  | Lost mutation: You are occasionally teleported next to
                  | monsters. [potion of mutation]
 41960 | Swamp:3  | Gained mutation: Your flesh is heat resistant. (rF+)
                  | [potion of mutation]
 41960 | Swamp:3  | Gained mutation: Your muscles are strong. (Str +4, Int/Dex
                  | -1) [potion of mutation]
 42493 | Swamp:4  | Entered Level 4 of the Swamp
 42634 | Swamp:4  | Lost mutation: Your muscles are strong. (Str +4, Int/Dex
                  | -1) [you]
 42758 | Swamp:4  | Reached skill level 14 in Invocations
 43328 | Swamp:4  | Got a decaying rune of Zot
 44016 | Elf:1    | Entered Level 1 of the Elven Halls
 44016 | Elf:1    | Found a runed translucent gate.
 44016 | Elf:1    | Found a runed translucent gate.
 44016 | Elf:1    | Found a runed translucent gate.
 44016 | Elf:1    | Found a runed translucent gate.
 44016 | Elf:1    | Found a runed translucent gate.
 44016 | Elf:1    | Found a runed translucent gate.
 44017 | Elf:1    | Found a runed translucent door.
 44056 | Elf:1    | Found a runed translucent door.
 44253 | Elf:1    | Found a crumbling gateway.
 44268 | Desolati | Entered the Desolation of Salt
 44517 | Elf:1    | Paralysed by an air elemental for 1 turns
 44520 | Elf:1    | Paralysed by an air elemental for 1 turns
 44523 | Elf:1    | Paralysed by an air elemental for 1 turns
 44575 | Elf:1    | Reached XP level 19. HP: 149/149 MP: 37/37
 44892 | Elf:1    | Got Asmodeus's Secrets of the Volley
 45862 | Elf:2    | Found a runed translucent gate.
 45862 | Elf:2    | Found a runed translucent gate.
 45862 | Elf:2    | Found a runed translucent gate.
 45944 | Elf:2    | Found a shimmering blue altar of Sif Muna.
 46471 | Elf:1    | Found a radiant altar of Vehumet.
 46506 | Elf:3    | Entered Level 3 of the Elven Halls
 46857 | Elf:3    | Found Pocy's Distillery.
 47231 | Elf:3    | Learned a level 4 spell: Passage of Golubria
 47627 | Elf:3    | Learned a level 7 spell: Malign Gateway
 47827 | Elf:3    | Identified the ring "Olliatad" {Fire Str+4}
 47893 | Elf:3    | Identified the +0 falchion of Food {heavy, rElec MP+9
                  | Str+3}
 47917 | Elf:3    | Reached skill level 15 in Invocations
 48303 | Elf:3    | Identified the +4 flail "Emauf" {flame, *Corrode Drain rF+
                  | rC++}
 48306 | Elf:3    | Reached XP level 20. HP: 112/158 MP: 24/38
 48571 | Elf:3    | Got the Folio of the Firefly
 49030 | Orc:2    | Bought the +8 triple sword of Yruq {vamp, rPois rF- Int+4}
                  | for 1156 gold pieces
 49045 | Orc:2    | Learned a level 4 spell: Manifold Assault
 49052 | Orc:2    | Learned a level 6 spell: Statue Form
 49241 | Vaults:1 | Entered Level 1 of the Vaults
 49406 | Vaults:1 | Found a flickering gateway to a bazaar.
 49406 | Vaults:1 | Noticed Aizul
 49420 | Vaults:1 | Killed Aizul
 49430 | Vaults:1 | HP: 4/159 [dire elephant (6)]
 49432 | Vaults:1 | Annihilated by a dire elephant

Illustrated notes

Levels and vault maps discovered:
D:1:      dpeg_arrival_tiny_a, layout_loops_ring, serial_forest,
          infiniplex_forest_diagonal, infiniplex_forest_lined_corner,
          infiniplex_forest_lined_2, infiniplex_forest_clump_small,
          infiniplex_forest_lined_3_way, infiniplex_forest_lined_1
D:2:      cheibrodos_greedy_goblins, layout_loops_cross, basic_altar,
          minmay_misc_feat_chi
D:3:      layout_loops_cross, minivault_23, lightli_corner_chamber, uniq_grinder
D:4:      layout_basic, lemuel_doored_altar, led_sif_pool,
          mainiacjoe_overflow_small_starburst, gup_ossuary_entry_pyramid,
          nicolae_the_louvre, uniq_edmund, uniq_crazy_yiuf_cottage,
          uniq_eustachio, uniq_robin
D:5:      layout_basic, minmay_crystal_room, nicolae_inconvenience_store,
          minmay_puff
D:6:      layout_loops_corners, kennysheep_mini, mainiacjoe_overflow_catwalk,
          minmay_temple_entry_hall, st_stairs_5
D:7:      layout_layer_cave, general_overflow_altar, serial_demonic,
          serial_demonic_b, serial_demonic_g, serial_demonic_c,
          serial_demonic_c, serial_demonic_b, uniq_joseph
D:8:      layout_loops_ring, mainiacjoe_overflow_alcove_2
D:9:      layout_big_octagon, lemuel_tele_altar, hiddenorc2_lemuel,
          minmay_strange_pillars, uniq_erolcha
D:10:     layout_loops_ring, tso_metal_star, dpeg_oklobed_lair,
          nicolae_zen_rock_garden
D:11:     minmay_octagon_keep, layout_irregular_city
D:12:     layout_loops_ring
D:13:     layout_basic, david_vaults_2, serial_shops,
          nicolae_shop_just_a_little_nook, nicolae_shop_hallway_plus, shop,
          kennysheep_little_box
D:14:     layout_cave_pods, hangedman_decor_riveting
D:15:     grunt_enter_depths_magical_seal, layout_loops_ring,
          minmay_crystal_water, uniq_josephine, uniq_kirke
Temple:   dshaligram_water_room_temple
Lair:1:   layout_roguey, portal_ice_cave_entry_pillars_2, grunt_megastairs_2,
          uniq_erica
Lair:2:   layout_chaotic_city, minmay_swamp_entry_worms,
          guppyfry_snake_entry_garden, serial_bayou_shore_b, uniq_fannar,
          uniq_gastronok
Lair:3:   layout_cave_pods
Lair:4:   layout_cave_pods, slime_entry_1
Lair:5:   cheibrodos_lair_end_hotspot, layout_gridlike, uniq_snorg
Swamp:1:  layout_falls_marsh, gammafunk_ghost_abyssal_escape,
          nicolae_swamp_well_well_well, infiniplex_staircase_pool_2
Swamp:2:  nicolae_swamp_flooded_prison, layout_falls_marsh,
          evilmike_swamp_ruin_house_2, swamp_pool4
Swamp:3:  cheibrodos_swamp_heart_of_darkness, layout_falls_marsh,
          evilmike_swamp_ruin_rubble_1, swamp_pool2, infiniplex_staircase_pool,
          uniq_donald
Swamp:4:  swamp, layout_basic_swamp, swamp_pool1, worms_lemuel
Snake:1:  layout_cave_pods, gammafunk_ghost_necromancy, basic_altar,
          serial_shops, nicolae_shop_rolling_square, uniq_roxanne, uniq_nikola
Snake:2:  layout_rooms, serial_shops, nicolae_shop_scrapyard,
          nicolae_shop_tiny_waterfront
Snake:3:  layout_layer_cave
Snake:4:  hellmonk_snake_rune_quicksilver_temple, layout_chambers, special_room,
          lemuel_fruit_tree
Orc:1:    layout_diamond_mine, special_room [special_room_orc], serial_shops,
          shop, gammafunk_ghost_cemetery
Orc:2:    hellmonk_orc_salted, layout_caves, basic_altar,
          gammafunk_ghost_fury_of_okawaru
Elf:1:    nicolae_elf_arrival_dilemma, layout_gridlike,
          portal_desolation_entry_garden, minmay_elf_annihilation,
          grunt_megastairs_5, lemuel_upstairs_altar
Elf:2:    nicolae_elf_blades_splatter_lattice [nicolae_blade_lattice],
          layout_geoelf_grid, basic_altar
Elf:3:    elf_hall, layout_geoelf_castle, serial_shops,
          nicolae_shop_industrial_runoff
Vaults:1: mu_enter_wizlab_1, v_alt_pattern_6, v_misc_18, vaults_room_corners,
          dpeg_vaults_monster_row, vaults_dpeg_hooks, nicolae_vaults_mitosis,
          vaults_room_stairs_pillars, ontoclasm_vaults_shuriken,
          ontoclasm_vaults_ring_small, vaults_room_fours,
          vaults_room_stairs_pillars, layout_vaults_omnibox, serial_shops,
          bzr_entry_customers, uniq_aizul

Skill      XL: |  1  2  3  4  5  6  7  8  9 10 11 12 13 14 15 16 17 18 19 20 |
---------------+-------------------------------------------------------------+-----
Spellcasting   | 5 6 7 8 9 10 11 12 13 14 | 14.8
Invocations    | 1 2 3 4 5 6 7 8 10 11 12 13 14 15 | 15.2
Fighting       | 1 2 3 5 6 7 8 9 10 11 12 13 14 | 14.0
Short Blades   | 1 2 3 5 6 7 8 9 10 11 12 13 14 | 14.0
Long Blades    | 1 2 3 5 6 7 8 9 10 11 12 13 14 | 14.0
Axes           | 1 2 3 5 6 7 8 9 10 11 12 13 14 | 14.0
Maces & Flails | 1 2 3 5 6 7 8 9 10 11 12 13 14 | 14.0
Polearms       | 1 2 3 5 6 7 8 9 10 11 12 13 14 | 14.0
Staves         | 1 2 3 5 6 7 8 9 10 11 12 13 14 | 14.0
Ranged Weapons | 1 2 3 5 6 7 8 9 10 11 12 13 14 | 14.0
Throwing       | 1 2 3 5 6 7 8 9 10 11 12 13 14 | 14.7
Armour         | 1 2 3 5 6 7 8 9 10 11 12 13 14 | 14.0
Shields        | 1 2 3 5 6 7 8 9 10 11 12 13 14 | 14.0
Unarmed Combat | 1 2 3 5 6 7 8 9 10 11 12 13 14 | 14.0
Evocations     | 1 2 3 5 6 7 8 9 10 11 12 13 14 | 14.0
Conjurations   | 1 2 3 4 5 6 7 8 9 10 11 | 11.9
Hexes          | 1 2 3 4 5 6 7 8 9 10 11 | 11.9
Summonings     | 1 2 3 4 5 6 7 8 9 10 11 | 11.9
Necromancy     | 1 2 3 4 5 6 7 8 9 10 11 | 11.9
Translocations | 1 2 3 4 5 6 7 8 9 10 11 | 11.9
Transmutations | 1 2 3 4 5 6 7 8 9 10 11 | 11.9
Fire Magic     | 1 2 3 4 5 6 7 8 9 10 11 | 11.9
Air Magic      | 1 2 3 4 5 6 7 8 9 10 11 | 11.9
Earth Magic    | 1 2 3 4 5 6 7 8 9 10 11 | 11.9
Poison Magic   | 1 2 3 4 5 6 7 8 9 10 11 | 11.9
Dodging        | 5 6 7 8 9 10 11 12 13 14 | 14.7
Stealth        | 5 6 7 8 9 10 11 12 13 14 | 14.6
Ice Magic      | 8 9 10 11 12 13 | 13.7

Action                     |  1- 3 |  4- 6 |  7- 9 | 10-12 | 13-15 | 16-18 | 19-21 || total
---------------------------+-------+-------+-------+-------+-------+-------+-------++-------
  Melee: Unarmed           |     4 |       |       |       |       |       |       ||     4
         Whip              |    11 |    50 |       |       |       |       |       ||    61
         Bite              |     2 |    10 |    21 |    49 |   170 |    17 |     3 ||   272
         Flail             |       |    27 |    97 |       |   373 |   133 |       ||   630
         Dagger            |       |     2 |   106 |   267 |    33 |       |       ||   408
         Punch             |       |     2 |     3 |    23 |    82 |     8 |       ||   118
         Scimitar          |       |       |       |    25 |   450 |       |       ||   475
         Triple sword      |       |       |       |       |       |       |    67 ||    67
   Fire: Sling             |       |       |    22 |       |       |       |       ||    22
         Greatsling        |       |       |       |       |       |  1143 |   411 ||  1554
   Cast: Freeze            |    31 |    14 |    29 |    36 |       |       |       ||   110
         Frozen Ramparts   |     5 |    20 |    30 |    65 |    91 |    31 |       ||   242
         Ozocubu's Armour  |     2 |    11 |    31 |    43 |   100 |    75 |     6 ||   268
         Summon Ice Beast  |       |       |     1 |    27 |    14 |     4 |       ||    46
         Olgreb's Toxic Ra |       |       |       |     7 |    29 |     2 |     3 ||    41
         Irradiate         |       |       |       |       |    21 |    18 |     6 ||    45
         Vhi's Electric Ch |       |       |       |       |     1 |       |       ||     1
         Mephitic Cloud    |       |       |       |       |     4 |     1 |     2 ||     7
         Tukima's Dance    |       |       |       |       |       |    36 |       ||    36
         Yara's Violent Un |       |       |       |       |       |    35 |    27 ||    62
         Malign Gateway    |       |       |       |       |       |       |     2 ||     2
         Passage of Golubr |       |       |       |       |       |       |     2 ||     2
         Manifold Assault  |       |       |       |       |       |       |    19 ||    19
         Statue Form       |       |       |       |       |       |       |     2 ||     2
 Invoke: Temporal Distorti |       |       |       |     1 |       |     1 |       ||     2
         Step From Time    |       |       |       |       |     2 |       |       ||     2
         Bend Time         |       |       |       |       |     2 |       |       ||     2
  Evoke: Wand              |       |       |       |     6 |       |       |       ||     6
    Use: Scroll            |       |       |       |    11 |    10 |     7 |     6 ||    34
         Potion            |       |       |       |     3 |     3 |     1 |       ||     7
   Stab: Sleeping          |     1 |     4 |     7 |     6 |    16 |       |       ||    34
         Distracted        |       |       |       |     3 |     5 |     2 |       ||    10
         Paralysed         |       |       |       |     1 |       |       |       ||     1
         Confused          |       |       |       |       |     1 |       |       ||     1
 Armour: Robe              |     9 |    25 |   103 |    85 |   318 |   242 |    26 ||   808
         Leather armour    |       |       |       |    29 |       |       |       ||    29
         Ring mail         |       |       |       |       |       |       |    13 ||    13
         Skin              |       |       |       |       |       |       |     2 ||     2
  Dodge: Dodged            |    29 |    54 |   174 |   262 |   966 |   671 |   117 ||  2273
  Block: Kite shield       |       |       |       |       |       |   321 |    66 ||   387

Table legend: (Time is in decaauts)
 A = Elapsed time spent in this place.
 B = Non-inter-level travel time spent in this place.
 C = Inter-level travel time spent in this place.
 D = Time resting spent in this place.
 E = Time spent auto-exploring this place.
 F = Levels seen in this place.
 G = Mean time per level.
                   A        B        C        D        E       F      G
               +--------+--------+--------+--------+--------+-----+--------+
         Total |  69144 |  59728 |   9416 |  10866 |  36685 |  38 | 1819.6 |
       Dungeon |  28115 |  23468 |   4647 |   4519 |  14792 |  15 | 1874.3 |
        Temple |     90 |     72 |     18 |      0 |     60 |   1 |   90.0 |
          Lair |  12165 |  10591 |   1574 |   1983 |   6492 |   5 | 2433.0 |
         Swamp |   6322 |   5867 |    455 |   1025 |   3092 |   4 | 1580.5 |
     Snake Pit |   8338 |   7902 |    436 |    769 |   6008 |   4 | 2084.5 |
  Orcish Mines |   5290 |   3819 |   1471 |    810 |   2229 |   2 | 2645.0 |
   Elven Halls |   7390 |   6577 |    813 |   1118 |   3955 |   3 | 2463.3 |
        Vaults |    341 |    341 |      0 |     55 |      0 |   1 |  341.0 |
       Ossuary |    957 |    957 |      0 |    559 |     26 |   1 |  957.0 |
      Ice Cave |     16 |     16 |      0 |      0 |      0 |   1 |   16.0 |
    Desolation |    114 |    114 |      0 |     25 |     30 |   1 |  114.0 |
               +--------+--------+--------+--------+--------+-----+--------+

Top non-repeatable levels by time:
   Elf:3: 3578 daAuts
   Orc:2: 3411 daAuts
  Lair:2: 2987 daAuts
  Lair:5: 2926 daAuts
 Snake:4: 2703 daAuts
     D:8: 2657 daAuts
 Swamp:2: 2362 daAuts
    D:10: 2330 daAuts
 Snake:3: 2269 daAuts
    D:14: 2266 daAuts
  Lair:3: 2242 daAuts
    D:11: 2227 daAuts
  Lair:1: 2220 daAuts
    D:15: 2158 daAuts
     D:9: 2118 daAuts
